| TOP OF THE 1ST |
|
Lowell Spinners batting - Pitching for Idaho Falls Chukars : RHP Travis Stump
|
|
Pitching: RHP Travis Stump
|
|
|
Batting: RHB John Chiesa
|
0-0: Ball 1-0: Swinging Strike 1-1: Ball 2-1: Ball 3-1: Called Strike 3-2: Base on Balls
|
|
Batting: RHB Nick Cottrell
|
0-0: Ball 1-0: Ball 2-0: Foul Ball, location: 2F 2-1: Swinging Strike 2-2: SINGLE (Groundball, 6D, EV 93.8 MPH) John Chiesa to second
|
|
Batting: RHB Guillermo Quintero
|
0-0: Called Strike 0-1: Ball 1-1: Ball 2-1: Called Strike 2-2: Ball 3-2: Base on Balls John Chiesa to third Nick Cottrell to second
|
|
Batting: RHB Tommy Boudreaux
|
0-0: Called Strike 0-1: Ball 1-1: DOUBLE (Groundball, 3L, EV 108.1 MPH) John Chiesa scores Nick Cottrell scores Guillermo Quintero to third
|
|
Pitching: LHP Jake Warwick
|
|
|
Batting: LHB Nelis Geurts
|
0-0: Called Strike 0-1: Ball 1-1: Fly out, F8 (Flyball, 78XD, EV 106.2 MPH) Runner from 3rd tags up, SCORES, no throw by CF
|
|
Batting: RHB Joel Vazquez
|
0-0: Ball 1-0: Ball 2-0: Called Strike 2-1: Foul Ball, location: 2F 2-2: Ball 3-2: Strikes out swinging
|
|
Batting: LHB Danny Montoya
|
0-0: Swinging Strike 0-1: Swinging Strike 0-2: Ball 1-2: Foul Ball, location: 2F 1-2: Ball 2-2: Strikes out swinging
|
| Top of the 1st over - 3 runs, 2 hits, 0 errors, 1 left on base; Lowell 3 - Idaho Falls 0 |
| BOTTOM OF THE 1ST |
|
Idaho Falls Chukars batting - Pitching for Lowell Spinners : RHP Frank Picaso
|
|
Pitching: RHP Frank Picaso
|
|
|
Batting: LHB John Wagner
|
0-0: Called Strike 0-1: Ball 1-1: Called Strike 1-2: Strikes out looking
|
|
Batting: RHB Kevin Allen
|
0-0: Ball 1-0: Ball 2-0: Ball 3-0: Called Strike 3-1: Swinging Strike 3-2: Base on Balls
|
|
Batting: RHB Jeremy Haun
|
0-0: Foul Ball, location: 2F 0-1: Ball 1-1: Swinging Strike 1-2: Foul Ball, location: 2F 1-2: Ball 2-2: Strikes out swinging
|
|
Batting: RHB Ken Postlethwaite
|
0-0: Ball 1-0: Called Strike Kevin Allen steals 2nd base 1-1: Foul Ball, location: 2F 1-2: Foul Ball, location: 2F 1-2: Strikes out looking
|
| Bottom of the 1st over - 0 runs, 0 hits, 0 errors, 1 left on base; Lowell 3 - Idaho Falls 0 |
| TOP OF THE 2ND |
|
Lowell Spinners batting - Pitching for Idaho Falls Chukars : LHP Jake Warwick
|
|
Batting: LHB Miguel Maymi
|
0-0: Ball 1-0: Foul Ball, location: 2F 1-1: Ball 2-1: Ball 3-1: Base on Balls
|
|
Batting: RHB Mike Strey
|
0-0: Swinging Strike 0-1: Foul Ball, location: 2F 0-2: Ball 1-2: Foul Ball, location: 2F 1-2: Ball 2-2: Ball 3-2: SINGLE (Groundball, 6MD, EV 95.6 MPH) Miguel Maymi to second Miguel Maymi to third
|
|
Pitching: RHP Junsuke Abe
|
|
|
Batting: RHB John Chiesa
|
0-0: DOUBLE (Line Drive, 9LM, EV 95.0 MPH) Miguel Maymi scores Mike Strey to third
|
|
Batting: RHB Nick Cottrell
|
0-0: Swinging Strike 0-1: Foul Ball, location: 2F 0-2: Ball 1-2: Foul Ball, location: 2F 1-2: Strikes out swinging
|
|
Batting: RHB Guillermo Quintero
|
0-0: Ball 1-0: Ball 2-0: Called Strike 2-1: Ball 3-1: Ground out 5-3 (Groundball, 5L, EV 88.8 MPH) Mike Strey scores
|
|
Batting: RHB Tommy Boudreaux
|
0-0: Foul Ball, location: 2F 0-1: Ball 1-1: Foul Ball, location: 2F 1-2: Fly out, F7 (Flyball, 7, EV 76.9 MPH)
|
| Top of the 2nd over - 2 runs, 2 hits, 0 errors, 1 left on base; Lowell 5 - Idaho Falls 0 |
| BOTTOM OF THE 2ND |
|
Idaho Falls Chukars batting - Pitching for Lowell Spinners : RHP Frank Picaso
|
|
Batting: RHB Nate De Jongh
|
0-0: Foul Ball, location: 2F 0-1: Ground out 6-3 (Groundball, 6S, EV 78.8 MPH)
|
|
Batting: RHB Eric Dyer
|
0-0: Ball 1-0: Foul Ball, location: 2F 1-1: Foul Ball, location: 2F 1-2: Ball 2-2: Ball 3-2: Foul Ball, location: 2F 3-2: Foul Ball, location: 2F 3-2: Base on Balls
|
|
Batting: RHB Ben Minge
|
0-0: Ball 1-0: Foul Ball, location: 2F 1-1: Foul Ball, location: 2F 1-2: Foul Ball, location: 2F 1-2: Foul Ball, location: 2F 1-2: Strikes out swinging
|
|
Batting: RHB Eric Erickson
|
0-0: Ball 1-0: Ball 2-0: Called Strike 2-1: Foul Ball, location: 2F 2-2: Fly out, F8 (Flyball, 89XD, EV 91.2 MPH)
|
| Bottom of the 2nd over - 0 runs, 0 hits, 0 errors, 1 left on base; Lowell 5 - Idaho Falls 0 |
| TOP OF THE 3RD |
|
Lowell Spinners batting - Pitching for Idaho Falls Chukars : RHP Junsuke Abe
|
|
Batting: LHB Nelis Geurts
|
0-0: Called Strike 0-1: Ball 1-1: Called Strike 1-2: Strikes out swinging, 2-3 out at first.
|
|
Batting: RHB Joel Vazquez
|
0-0: Swinging Strike 0-1: Ball 1-1: SOLO HOME RUN (Line Drive, 89XD, EV 100.6 MPH), Distance : 397 ft
|
|
Batting: LHB Danny Montoya
|
0-0: Called Strike 0-1: Called Strike 0-2: Ball 1-2: Ball 2-2: Fly out, F9 (Flyball, 9LD, EV 80.6 MPH)
|
|
Pitching: RHP Ted Splawn
|
|
|
Batting: LHB Miguel Maymi
|
0-0: Ground out U3 (Groundball, 3, EV 85.6 MPH)
|
| Top of the 3rd over - 1 run, 1 hit, 0 errors, 0 left on base; Lowell 6 - Idaho Falls 0 |
| BOTTOM OF THE 3RD |
|
Idaho Falls Chukars batting - Pitching for Lowell Spinners : RHP Frank Picaso
|
|
Batting: RHB Timotheus Cooper
|
0-0: Ball 1-0: Ground out 5-3 (Groundball, 56, EV 83.8 MPH)
|
|
Batting: LHB John Wagner
|
0-0: Ball 1-0: Called Strike 1-1: Reached on error, E3 (Groundball, 3, EV 87.5 MPH)
|
|
Batting: RHB Kevin Allen
|
0-0: Called Strike John Wagner is caught stealing 2nd base 2-4 0-1: Swinging Strike 0-2: Strikes out swinging
|
| Bottom of the 3rd over - 0 runs, 0 hits, 1 error, 0 left on base; Lowell 6 - Idaho Falls 0 |
| TOP OF THE 4TH |
|
Lowell Spinners batting - Pitching for Idaho Falls Chukars : RHP Ted Splawn
|
|
Batting: RHB Mike Strey
|
0-0: Swinging Strike 0-1: Ground out 4-3 (Groundball, 4, EV 89.4 MPH)
|
|
Batting: RHB John Chiesa
|
0-0: Ball 1-0: Ball 2-0: Ball 3-0: Base on Balls
|
|
Batting: RHB Nick Cottrell
|
0-0: Ball 1-0: Ball 2-0: Ball 3-0: Called Strike 3-1: Base on Balls John Chiesa to second
|
|
Batting: RHB Guillermo Quintero
|
0-0: Foul Ball, location: 2F 0-1: Fielders Choice at 2nd, 3-6 (Groundball, 3S, EV 85.6 MPH) John Chiesa to third
|
|
Batting: RHB Tommy Boudreaux
|
0-0: Swinging Strike 0-1: Called Strike 0-2: Strikes out looking
|
| Top of the 4th over - 0 runs, 0 hits, 0 errors, 2 left on base; Lowell 6 - Idaho Falls 0 |
| BOTTOM OF THE 4TH |
|
Idaho Falls Chukars batting - Pitching for Lowell Spinners : RHP Frank Picaso
|
|
Batting: RHB Jeremy Haun
|
0-0: Called Strike 0-1: Ball 1-1: Ball 2-1: Swinging Strike 2-2: Foul Ball, location: 2F 2-2: Ground out 5-3 (Groundball, 56S, EV 71.9 MPH)
|
|
Batting: RHB Ken Postlethwaite
|
0-0: Ball 1-0: Reached on error, E5 (Groundball, 56, EV 83.8 MPH)
|
|
Batting: RHB Nate De Jongh
|
0-0: Called Strike 0-1: Ball 1-1: Foul Ball, location: 2F 1-2: Strikes out swinging
|
|
Batting: RHB Eric Dyer
|
0-0: Ball Ken Postlethwaite is caught stealing 2nd base 2-4
|
| Bottom of the 4th over - 0 runs, 0 hits, 1 error, 0 left on base; Lowell 6 - Idaho Falls 0 |
| TOP OF THE 5TH |
|
Lowell Spinners batting - Pitching for Idaho Falls Chukars : RHP Ted Splawn
|
|
Batting: LHB Nelis Geurts
|
0-0: Ball 1-0: Ball 2-0: Called Strike 2-1: Foul Ball, location: 2F 2-2: Ball 3-2: Base on Balls
|
|
Pitching: RHP Kolenka Leschenya
|
|
|
Batting: RHB Joel Vazquez
|
0-0: Called Strike 0-1: Fly out, F5 (Popup, 15S, EV 83.1 MPH)
|
|
Batting: LHB Danny Montoya
|
0-0: Ball 1-0: Ball 2-0: Called Strike 2-1: Swinging Strike 2-2: Ball 3-2: Foul Ball, location: 2F 3-2: Base on Balls Nelis Geurts to second
|
|
Batting: LHB Miguel Maymi
|
0-0: Swinging Strike 0-1: Called Strike 0-2: Ball 1-2: Fielders Choice at 2nd, 3-6 (Groundball, 3S, EV 86.2 MPH) Nelis Geurts to third
|
|
Batting: RHB Mike Strey
|
0-0: Called Strike 0-1: Foul Ball, location: 2F 0-2: Ball 1-2: Ball 2-2: Strikes out swinging
|
| Top of the 5th over - 0 runs, 0 hits, 0 errors, 2 left on base; Lowell 6 - Idaho Falls 0 |
| BOTTOM OF THE 5TH |
|
Idaho Falls Chukars batting - Pitching for Lowell Spinners : RHP Frank Picaso
|
|
Batting: RHB Eric Dyer
|
0-0: Foul Ball, location: 2F 0-1: Ball 1-1: Ball 2-1: DOUBLE (Line Drive, 3D, EV 106.2 MPH)
|
|
Batting: RHB Ben Minge
|
0-0: Ball 1-0: Swinging Strike 1-1: Ball 2-1: Foul Ball, location: 2F 2-2: Ball 3-2: Strikes out swinging
|
|
Batting: RHB Eric Erickson
|
0-0: Ball 1-0: SINGLE (Groundball, 4D, EV 103.8 MPH) Eric Dyer to third Runner from 3rd tries for Home, SAFE, throw by RF to home
|
|
Batting: RHB Timotheus Cooper
|
0-0: Ball 1-0: Swinging Strike 1-1: Called Strike 1-2: Ball 2-2: Strikes out swinging Eric Erickson steals 2nd base Batter strikes out.
|
|
Batting: LHB John Wagner
|
0-0: Fly out, F7 (Flyball, 78S, EV 77.5 MPH)
|
| Bottom of the 5th over - 1 run, 2 hits, 0 errors, 1 left on base; Lowell 6 - Idaho Falls 1 |
| TOP OF THE 6TH |
|
Lowell Spinners batting - Pitching for Idaho Falls Chukars : RHP Kolenka Leschenya
|
|
Pitching: RHP Rich Frontczak
|
|
|
Batting: RHB John Chiesa
|
0-0: Ball 1-0: Foul Ball, location: 2F 1-1: Ball 2-1: Foul Ball, location: 2F 2-2: Foul Ball, location: 2F 2-2: Ball 3-2: Strikes out looking
|
|
Batting: RHB Nick Cottrell
|
0-0: Ball 1-0: Called Strike 1-1: SINGLE (Groundball, 6M, EV 99.4 MPH) (infield hit)
|
|
Batting: RHB Guillermo Quintero
|
0-0: Ball 1-0: Called Strike 1-1: Foul Ball, location: 2F 1-2: Ball 2-2: Strikes out swinging
|
|
Batting: RHB Tommy Boudreaux
|
0-0: Ball 1-0: Ball 2-0: Foul Ball, location: 2F 2-1: Ball 3-1: Base on Balls Nick Cottrell to second
|
|
Pitching: RHP Tony Jimenez
|
|
|
Batting: LHB Nelis Geurts
|
0-0: Ball 1-0: Ball 2-0: Ball 3-0: Base on Balls Nick Cottrell to third Tommy Boudreaux to second
|
|
Batting: RHB Joel Vazquez
|
0-0: Swinging Strike 0-1: Foul Ball, location: 2F 0-2: Fielders Choice at 2nd, 6-4 (Groundball, 6, EV 88.8 MPH)
|
| Top of the 6th over - 0 runs, 1 hit, 0 errors, 3 left on base; Lowell 6 - Idaho Falls 1 |
| BOTTOM OF THE 6TH |
|
Idaho Falls Chukars batting - Pitching for Lowell Spinners : RHP Frank Picaso
|
|
Batting: RHB Kevin Allen
|
0-0: Fly out, F4 (Popup, 34S, EV 82.5 MPH)
|
|
Batting: RHB Jeremy Haun
|
0-0: Called Strike 0-1: Ball 1-1: Swinging Strike 1-2: TRIPLE (Flyball, 89XD, EV 96.2 MPH)
|
|
Batting: RHB Ken Postlethwaite
|
0-0: Ball 1-0: DOUBLE (Flyball, 89D, EV 90.0 MPH) Jeremy Haun scores
|
|
Batting: RHB Nate De Jongh
|
0-0: Foul Ball, location: 2F 0-1: Ball 1-1: Ground out U3 (Groundball, 3L, EV 100.0 MPH) Ken Postlethwaite to third
|
|
Pitching: RHP Jimmy Scali
|
|
|
Batting: RHB Eric Dyer
|
0-0: Called Strike 0-1: Ball 1-1: Swinging Strike 1-2: Strikes out swinging
|
| Bottom of the 6th over - 1 run, 2 hits, 0 errors, 1 left on base; Lowell 6 - Idaho Falls 2 |
| TOP OF THE 7TH |
|
Lowell Spinners batting - Pitching for Idaho Falls Chukars : RHP Tony Jimenez
|
|
Batting: LHB Danny Montoya
|
0-0: Called Strike 0-1: Foul Ball, location: 2F 0-2: SINGLE (Groundball, 6D, EV 97.5 MPH)
|
|
Batting: LHB Miguel Maymi
|
0-0: Ball 1-0: Bunted foul 1-1: Ball 2-1: Sac Bunt to 2L - play at first, batter OUT! 2-4 Danny Montoya to second
|
|
Batting: RHB Mike Strey
|
0-0: Ball Passed Ball! Danny Montoya to third 1-0: Called Strike 1-1: Ball 2-1: Ground out 1-3 (Groundball, 34S, EV 60.6 MPH)
|
|
Pitching: RHP Angel Castorena
|
|
|
Batting: RHB John Chiesa
|
0-0: Swinging Strike 0-1: Ball 1-1: Foul Ball, location: 2F 1-2: Ball 2-2: Ball 3-2: Foul Ball, location: 2F 3-2: Base on Balls
|
|
Batting: RHB Nick Cottrell
|
0-0: Ball 1-0: Called Strike 1-1: Foul Ball, location: 2F 1-2: Strikes out swinging
|
| Top of the 7th over - 0 runs, 1 hit, 0 errors, 2 left on base; Lowell 6 - Idaho Falls 2 |
| BOTTOM OF THE 7TH |
|
Idaho Falls Chukars batting - Pitching for Lowell Spinners : RHP Jimmy Scali
|
|
Batting: RHB Ben Minge
|
0-0: Ball 1-0: Foul Ball, location: 2F 1-1: Ball 2-1: Fly out, F7 (Flyball, 7LM, EV 83.8 MPH)
|
|
Batting: RHB Eric Erickson
|
0-0: Ground out 4-3 (Groundball, 4M, EV 87.5 MPH)
|
|
Batting: RHB Timotheus Cooper
|
0-0: Ball 1-0: Foul Ball, location: 2F 1-1: Ball 2-1: Ball 3-1: Base on Balls
|
|
Batting: LHB John Wagner
|
0-0: Ball 1-0: Ball 2-0: Called Strike 2-1: Ball 3-1: Fly out, F4 (Flyball, 3D, EV 85.6 MPH)
|
| Bottom of the 7th over - 0 runs, 0 hits, 0 errors, 1 left on base; Lowell 6 - Idaho Falls 2 |
| TOP OF THE 8TH |
|
Lowell Spinners batting - Pitching for Idaho Falls Chukars : RHP Angel Castorena
|
|
Batting: RHB Guillermo Quintero
|
0-0: Called Strike 0-1: Fly out, F9 (Flyball, 9, EV 90.6 MPH)
|
|
Batting: RHB Tommy Boudreaux
|
0-0: Called Strike 0-1: Ball 1-1: Ball 2-1: Foul Ball, location: 2F 2-2: Foul Ball, location: 2F 2-2: Foul Ball, location: 2F 2-2: Strikes out swinging
|
|
Batting: LHB Nelis Geurts
|
0-0: Ball 1-0: Ball 2-0: Ball 3-0: Base on Balls
|
|
Batting: RHB Joel Vazquez
|
0-0: Ball Nelis Geurts steals 2nd base 1-0: Ball 2-0: Called Strike 2-1: Ball 3-1: Base on Balls
|
|
Batting: LHB Danny Montoya
|
0-0: Called Strike 0-1: Swinging Strike 0-2: Strikes out swinging
|
| Top of the 8th over - 0 runs, 0 hits, 0 errors, 2 left on base; Lowell 6 - Idaho Falls 2 |
| BOTTOM OF THE 8TH |
|
Idaho Falls Chukars batting - Pitching for Lowell Spinners : RHP Jimmy Scali
|
|
Batting: RHB Kevin Allen
|
0-0: Ball 1-0: Ball 2-0: Called Strike 2-1: Called Strike 2-2: Ball 3-2: SINGLE (Groundball, 56D, EV 108.1 MPH) (infield hit)
|
|
Batting: RHB Jeremy Haun
|
0-0: Called Strike 0-1: Swinging Strike 0-2: Ball 1-2: Strikes out swinging
|
|
Batting: RHB Ken Postlethwaite
|
0-0: Ball 1-0: Ball 2-0: Fly out, F8 (Flyball, 89D, EV 88.8 MPH)
|
|
Batting: RHB Nate De Jongh
|
0-0: Called Strike 0-1: Foul Ball, location: 2F 0-2: Strikes out swinging
|
| Bottom of the 8th over - 0 runs, 1 hit, 0 errors, 1 left on base; Lowell 6 - Idaho Falls 2 |
| TOP OF THE 9TH |
|
Lowell Spinners batting - Pitching for Idaho Falls Chukars : RHP Angel Castorena
|
|
Batting: LHB Miguel Maymi
|
0-0: Called Strike 0-1: Ball 1-1: Ball 2-1: Swinging Strike 2-2: SINGLE (Groundball, 4MD, EV 108.8 MPH)
|
|
Batting: RHB Mike Strey
|
0-0: Sac Bunt to 5S - play at first, batter OUT! 5-3 Miguel Maymi to second
|
|
Batting: RHB John Chiesa
|
0-0: Ball 1-0: Called Strike 1-1: SINGLE (Line Drive, 9LS, EV 88.8 MPH) Miguel Maymi to third
|
|
Batting: RHB Nick Cottrell
|
0-0: Called Strike John Chiesa steals 2nd base 0-1: Called Strike 0-2: DOUBLE (Line Drive, 3D, EV 95.0 MPH) Miguel Maymi scores John Chiesa scores
|
|
Batting: RHB Guillermo Quintero
|
0-0: Ball 1-0: Ball 2-0: Ball 3-0: Base on Balls
|
|
Batting: RHB Tommy Boudreaux
|
0-0: Ball 1-0: DOUBLE (Line Drive, 7LS, EV 94.4 MPH) Nick Cottrell scores Guillermo Quintero to third
|
|
Batting: LHB Nelis Geurts
|
0-0: Ball 1-0: TRIPLE (Line Drive, 9LD, EV 106.9 MPH) Guillermo Quintero scores Tommy Boudreaux scores
|
|
Batting: RHB Joel Vazquez
|
0-0: Ball 1-0: Fly out, F7 (Flyball, 7, EV 85.0 MPH)
|
|
Batting: LHB Danny Montoya
|
0-0: Swinging Strike 0-1: SINGLE (Flyball, 6D, EV 86.2 MPH) Nelis Geurts scores
|
|
Pitching: RHP Edite Leoni
|
|
|
Batting: LHB Miguel Maymi
|
0-0: Ball 1-0: Ball 2-0: Foul Ball, location: 2F 2-1: Called Strike 2-2: Foul Ball, location: 2F 2-2: SINGLE (Groundball, 4D, EV 94.4 MPH) Danny Montoya to second
|
|
Batting: RHB Mike Strey
|
0-0: Ball 1-0: DOUBLE (Line Drive, 89M, EV 103.8 MPH) Danny Montoya scores Miguel Maymi to third Runner from 3rd tries for Home, SAFE, throw by RF to trailing runner, OUT at third! 9-3-5
|
| Top of the 9th over - 8 runs, 8 hits, 0 errors, 0 left on base; Lowell 14 - Idaho Falls 2 |
| BOTTOM OF THE 9TH |
|
Idaho Falls Chukars batting - Pitching for Lowell Spinners : RHP Jimmy Scali
|
|
Batting: RHB Eric Dyer
|
0-0: Ball 1-0: SINGLE (Groundball, 6MD, EV 101.2 MPH)
|
|
Batting: RHB Ben Minge
|
0-0: Ball 1-0: Grounds into double play, 6-4-3 (Groundball, 6, EV 103.8 MPH)
|
|
Batting: RHB Eric Erickson
|
0-0: Called Strike 0-1: Foul Ball, location: 2F 0-2: Fly out, F9 (Flyball, 9, EV 91.9 MPH)
|
| Bottom of the 9th over - 0 runs, 1 hit, 0 errors, 0 left on base; Lowell 14 - Idaho Falls 2 |
|